 Dungeon Crawl Stone Soup version 0.28-a0-313-gbc0475efdd (webtiles) character file.

Game seed: 3741939494123897396

123 Demosthentine the Poker (level 5, -4/41 HPs)
             Began as a Merfolk Gladiator on Aug 31, 2021.
             Killed by divine providence
             ... invoked by an orc priest
              (13 damage)
             ... on level 3 of the Dungeon.
             The game lasted 00:02:31 (2800 turns).

Demosthentine the Poker (Merfolk Gladiator)         Turns: 2800, Time: 00:02:31

Health: -4/41      AC:  4    Str: 15    XL:     5   Next: 7%
Magic:  5/5        EV: 14    Int:  7    God:
Gold:   17         SH:  0    Dex: 16    Spells: 4/4 levels left

rFire   . . .      SeeInvis .   a - +0 trident
rCold   . . .      Faith    .   (no shield)
rNeg    . . .      Spirit   .   b - +0 leather armour
rPois   .          Reflect  .   c - +0 helmet
rElec   .          Harm     .   (no cloak)
rCorr   .          Rampage  .   (no gloves)
Will    .....                   (no boots)
Stlth   +.........              (no amulet)
HPRegen 0.13/turn               (no ring)
MPRegen 0.09/turn               (no ring)

@: no status effects
A: (nimble swimmer 2), mertail
a: no special abilities


You were on level 3 of the Dungeon.
You visited 1 branch of the dungeon, and saw 3 of its levels.

You collected 94 gold pieces.
You spent 77 gold pieces at shops.

Inventory:

Hand Weapons
 a - a +0 trident (weapon)
Missiles
 d - 2 throwing nets (quivered)
Armour
 b - a +0 leather armour (worn)
 c - a +0 helmet (worn)
Scrolls
 g - a scroll of noise {unknown}
Potions
 e - a potion of curing
 f - 2 potions of mutation
 h - a potion of lignification


   Skills:
 + Level 3.3 Fighting
 + Level 5.5 Polearms
 - Level 2.0 Throwing
 + Level 1.3 Armour
 + Level 5.0 Dodging


You had 4 spell levels left.
You didn't know any spells.
Your spell library contained the following spells:

 Spells                   Type           Power      Damage    Failure   Level
 Summon Small Mammal      Summ           0%         N/A       50%         1
 Corpse Rot               Necr/Air       N/A        N/A       65%         2
 Call Canine Familiar     Summ           0%         N/A       86%         3
 Summon Guardian Golem    Hex/Summ       0%         N/A       86%         3
 Dispel Undead            Necr           0%         3d6       99%         4
 Death Channel            Necr           0%         N/A       100%        6
 Dispersal                Tloc           0%         N/A       100%        6
 Disjunction              Tloc           0%         N/A       100%        8


Dungeon Overview and Level Annotations

Branches:
Dungeon (3/15)

Altars:
Ignis

Shops:
D:2 =   D:3 !


Innate Abilities, Weirdness & Mutations

((You are quick and stealthy near water. (Stealth+, EV+, Speed+++)))
Your lower body shifts to a powerful aquatic tail in water.


Message History

Press: ? - help, Dir - move target, f/p - orc priest
Aim: an orc priest, wielding a +0 club and wearing a +0 leather armour (about 38% to evade your +0 trident)
You reach to attack!
You closely miss the orc priest.
The orc priest looks braver for a moment.
The orc misses you.
Reach: a) +0 trident
Press: ? - help, Dir - move target, f/p - orc priest
Aim: an orc priest, wielding a +0 club and wearing a +0 leather armour (about 38% to evade your +0 trident)
The orc is in the way.
You hit the orc but do no damage. The orc hits you with a +0 club.
A jackal comes into view.
Reach: a) +0 trident
Press: ? - help, Dir - move target, f/p - orc priest
Aim: an orc priest, wielding a +0 club and wearing a +0 leather armour (about 38% to evade your +0 trident)
You reach to attack!
You closely miss the orc priest.
The jackal barks!
The orc barely misses you.
Reach: a) +0 trident
Press: ? - help, Dir - move target, f/p - orc priest
Aim: an orc priest, wielding a +0 club and wearing a +0 leather armour (about 38% to evade your +0 trident)
The orc is in the way.
You barely miss the orc. The orc closely misses you.
Unknown command.
Reach: a) +0 trident
Press: ? - help, Dir - move target, f/p - orc priest
Aim: an orc priest, wielding a +0 club and wearing a +0 leather armour (about 38% to evade your +0 trident)
The orc is in the way.
You barely miss the orc.
The orc priest calls down the wrath of Beogh upon you.
Beogh smites you!
* * * LOW HITPOINT WARNING * * *
The orc misses you.
Reach: a) +0 trident
Press: ? - help, Dir - move target, f/p - orc priest
Aim: an orc priest, wielding a +0 club and wearing a +0 leather armour (about 38% to evade your +0 trident)
You reach to attack!
You hit the orc priest but do no damage.
The orc hits you with a +0 club.
* * * LOW HITPOINT WARNING * * *
The orc priest calls down the wrath of Beogh upon you.
Beogh smites you!
You die...

#...>.....###.......#
+.........'.........#
#.........###....#.<#
#.......## ##..##..#
##.....## !##
##...### .# #.....#
.# #..##.# .# #.. #@#
.. #.. #o#
#...hoo.oo...
........#######
.##)..#.# #.....#
#######


You could see an orc priest, 2 orcs and a jackal.

Vanquished Creatures
  4 gnolls
  3 adders
  A worm (D:2)
  2 dart slugs (D:1)
  An orc (D:3)
  A bat (D:2)
  5 endoplasms
  3 giant cockroaches
  4 goblins
  3 hobgoblins
  A jackal (D:3)
  10 kobolds
  A quokka (D:1)
  6 ball pythons
  4 rats
49 creatures vanquished.

Vanquished Creatures (others)
  A fungus (D:2)
  A plant (D:2)
2 creatures vanquished.

Grand Total: 51 creatures vanquished

Notes
Turn   | Place    | Note
-------+----------+-------------------------------------------
     0 | D:1      | Demosthentine the Merfolk Gladiator began the quest for the
                  | Orb.
     0 | D:1      | Reached XP level 1. HP: 16/16 MP: 1/1
   211 | D:1      | Reached XP level 2. HP: 10/23 MP: 2/2
   661 | D:1      | Reached XP level 3. HP: 28/28 MP: 3/3
   789 | D:1      | Reached skill level 5 in Polearms
   954 | D:2      | Found a candlelit altar of Ignis.
   987 | D:2      | Found a faded altar of an unknown god.
  1239 | D:1      | Reached skill level 1 in Armour
  1239 | D:1      | Reached XP level 4. HP: 22/35 MP: 4/4
  2213 | D:2      | Found Tujairou's Jewellery Shoppe.
  2596 | D:3      | Found Ginwyo's Distillery.
  2603 | D:3      | Bought a potion of curing for 33 gold pieces
  2603 | D:3      | Bought a potion of degeneration for 11 gold pieces
  2603 | D:3      | Bought a potion of lignification for 33 gold pieces
  2612 | D:3      | Reached skill level 5 in Dodging
  2675 | D:3      | Reached XP level 5. HP: 31/41 MP: 5/5
  2800 | D:3      | Killed from afar by an orc priest

Illustrated notes

Levels and vault maps discovered:
D:1:      sevenhm_arrival_forest_fort_small_4, layout_rooms
D:2:      layout_loops_cross, shapermc_ecumenical_altar_acropolis, basic_altar,
          serial_shops, shop
D:3:      layout_loops_corners, serial_shops,
          nicolae_shop_competitors_out_of_business

Skill      XL: |  1  2  3  4 |
---------------+-------------+-----
Polearms       | 5 |  5.5
Fighting       | 3 |  3.3
Armour         | 1 |  1.3
Dodging        | 5 |  5.0
Throwing       | |  2.0

Action                   |  1- 3 |  4- 6 || total
-------------------------+-------+-------++-------
Melee: Trident           |    98 |    96 ||   194
Throw: Throwing net      |     2 |       ||     2
  Use: Scroll            |     5 |     1 ||     6
 Stab: Sleeping          |     1 |     1 ||     2
Armor: Leather armour    |    18 |    14 ||    32
Dodge: Dodged            |    47 |    45 ||    92

Table legend: (Time is in decaauts)
 A = Elapsed time spent in this place.
 B = Non-inter-level travel time spent in this place.
 C = Inter-level travel time spent in this place.
 D = Time resting spent in this place.
 E = Time spent auto-exploring this place.
 F = Levels seen in this place.
 G = Mean time per level.
                   A        B        C        D        E       F      G
               +--------+--------+--------+--------+--------+-----+--------+
         Total |   2811 |   2761 |     50 |    307 |   2018 |   3 |  937.0 |
       Dungeon |   2811 |   2761 |     50 |    307 |   2018 |   3 |  937.0 |
               +--------+--------+--------+--------+--------+-----+--------+

Top non-repeatable levels by time:
     D:1: 1565 daAuts
     D:2: 971 daAuts
     D:3: 274 daAuts
